[Event "Titled Tuesday Blitz August 23 Early 2022"]
[White "Blanco Ronquillo, Humberto L."]
[Black "Zhigalko, Sergei"]
[WhiteFideId "3504239"]
[BlackFideId "13502956"]
[WhiteElo "2425"]
[BlackElo "2662"]
[Result "0-1"]
[Round "02"]
[TimeControl "180+1"]
[Date "2022.08.23"]
[WhiteClock "0:00:57"]
[BlackClock "0:00:25"]

1. d4 Nf6 2. c4 e6 3. Nf3 b6 4. g3 Ba6 5. Qa4 Bb7 6. Bg2 c5 7. O-O cxd4 8. Rd1 Be7 9. Bf4 O-O 10. Nxd4 Bxg2 11. Kxg2 Qc8 12. Nb5 Qc6+ 13. f3 a6 14. N5c3 Qb7 15. Bd6 Bxd6 16. Rxd6 Rc8 17. Na3 Nc6 18. Qd1 Na5 19. Qd4 Rab8 20. Rd1 Qc7 21. Ne4 Nxe4 22. Qxe4 Rd8 23. Qd4 Rb7 24. b3 h6 25. Nc2 Nc6 26. Qe3 b5 27. c5 b4 28. Nd4 Ne7 29. Nc2 Nf5 30. Qd3 Qxc5 31. Rxa6 Qxc2 32. Qxc2 Ne3+ 33. Kf2 Nxc2 34. Rd2 Na3 0-1


[Site "https://www.chess.com"]

[Event "Titled Tuesday Blitz August 23 Early 2022"]
[White "Bluebaum, Matthias"]
[Black "Guz, Ari"]
[WhiteFideId "24651516"]
[BlackFideId "2825759"]
[WhiteElo "2603"]
[BlackElo "1913"]
[Result "1/2-1/2"]
[Round "02"]
[TimeControl "180+1"]
[Date "2022.08.23"]
[WhiteClock "0:00:09"]
[BlackClock "0:00:13"]

1. d4 e6 2. c4 d5 3. Nc3 a6 4. cxd5 exd5 5. a3 h6 6. Bf4 Nf6 7. e3 Bd6 8. Bxd6 Qxd6 9. Bd3 O-O 10. Nge2 c6 11. h3 Re8 12. Qc2 Nbd7 13. O-O Nf8 14. b4 Ne6 15. Rab1 Ng5 16. Nf4 Nfe4 17. Na4 Bf5 18. Nc5 Qe7 19. h4 Ne6 20. Nfxe6 fxe6 21. Nxe4 dxe4 22. Bxe4 Qxh4 23. Bxf5 exf5 24. Qxf5 Rad8 25. g3 Qe7 26. a4 Rd5 27. Qh3 Qe4 28. Qg2 Qc2 29. b5 Qxa4 30. bxc6 Qxc6 31. Rfc1 Qd7 32. Rc7 Qxc7 33. Qxd5+ Kh8 34. Rxb7 Qc1+ 35. Kg2 Qc2 36. Rb6 Rf8 37. Kh3 Qxf2 38. Qe4 Qf1+ 39. Kh4 g5+ 40. Kh5 Qh3+ 41. Kg6 Rg8+ 42. Kf7 Qf1+ 43. Rf6 Rf8+ 44. Kxf8 Qxf6+ 45. Ke8 a5 46. d5 Kg7 47. Kd7 Qf7+ 48. Kc6 Qa7 49. Qe5+ Kg6 50. d6 a4 51. Qe4+ Kg7 52. Qe5+ Kg6 53. d7 Qa6+ 54. Kc7 Qa7+ 55. Kc8 Qa6+ 56. Kc7 Qa7+ 57. Kd8 a3 58. Qe6+ Kh5 59. Qa2 Qb6+ 60. Ke7 Qxe3+ 61. Kf7 Qf3+ 62. Ke8 Qe4+ 63. Kf8 Qf5+ 64. Ke7 Qe5+ 65. Kd8 Qb8+ 66. Ke7 Qe5+ 67. Kf7 Qf5+ 68. Ke8 Qe5+ 69. Kf8 Qf6+ 70. Ke8 Qe5+ 71. Kf8 Qf6+ 72. Ke8 Qe5+ 1/2-1/2


[Site "https://www.chess.com"]

[Event "Titled Tuesday Blitz August 23 Early 2022"]
[White "Cruz, Cristhian"]
[Black "Andreikin, Dmitry"]
[WhiteFideId "3801969"]
[BlackFideId "4158814"]
[WhiteElo "2497"]
[BlackElo "2736"]
[Result "0-1"]
[Round "02"]
[TimeControl "180+1"]
[Date "2022.08.23"]
[WhiteClock "0:00:55"]
[BlackClock "0:02:20"]

1. d4 Nf6 2. c4 g6 3. Nc3 Bg7 4. e4 O-O 5. Nf3 d6 6. Be2 e5 7. O-O Nc6 8. d5 Ne7 9. Be3 Ng4 10. Bd2 f5 11. a4 Nf6 12. Re1 h6 13. exf5 gxf5 14. c5 Ng6 15. Bc4 Kh7 16. Qc2 e4 17. Nd4 Ng4 18. Be3 f4 19. Qxe4 fxe3 20. fxe3 Qh4 21. h3 Qf2+ 22. Kh1 Qxe1+ 23. Rxe1 Nf2+ 24. Kg1 Nxe4 25. Nxe4 Bxd4 26. exd4 Bf5 27. cxd6 Bxe4 28. Rxe4 cxd6 29. Bd3 Rf6 30. Re7+ Kh8 31. Rxb7 Nf4 32. Bb5 Rg8 0-1


[Site "https://www.chess.com"]

[Event "Titled Tuesday Blitz August 23 Early 2022"]
[White "Cruz Ravina, Francisco Javier"]
[Black "Timofeev, Artyom"]
[WhiteFideId "2228939"]
[BlackFideId "4140419"]
[WhiteElo "2622"]
[BlackElo "2578"]
[Result "0-1"]
[Round "02"]
[TimeControl "180+1"]
[Date "2022.08.23"]
[WhiteClock "0:00:08"]
[BlackClock "0:01:02"]

1. e4 c5 2. Nf3 Nc6 3. d4 cxd4 4. Nxd4 Nf6 5. Nc3 e5 6. Nf5 d5 7. exd5 Bxf5 8. dxc6 Qxd1+ 9. Nxd1 bxc6 10. Ne3 Be6 11. Nc4 Nd7 12. Be3 f6 13. O-O-O Bd5 14. f3 Bc5 15. Bxc5 Nxc5 16. Ne3 Be6 17. Bc4 Ke7 18. Bxe6 Kxe6 19. Rd2 Rad8 20. Rhd1 Rxd2 21. Rxd2 h5 22. Nc4 Nb7 23. b4 h4 24. h3 Rd8 25. Rxd8 Nxd8 26. Kd2 f5 27. Kd3 g5 28. Ne3 Nb7 29. c4 Nd6 30. c5 e4+ 31. fxe4 Nxe4 32. Kd4 Nf6 33. a4 a6 34. Kc4 g4 35. b5 cxb5+ 36. axb5 axb5+ 37. Kxb5 f4 38. Nf1 f3 39. gxf3 gxf3 40. c6 Kd6 41. Kb6 Nd5+ 42. Kb7 f2 43. Nd2 Ke5 44. c7 Nxc7 45. Kxc7 Kf4 46. Kd6 Kg3 47. Ke5 Kxh3 48. Kf4 Kg2 49. Kg4 h3 0-1


[Site "https://www.chess.com"]

[Event "Titled Tuesday Blitz August 23 Early 2022"]
[White "Filgueira, Hernan"]
[Black "Shirov, Alexei"]
[WhiteFideId "101770"]
[BlackFideId "2209390"]
[WhiteElo "2363"]
[BlackElo "2678"]
[Result "1/2-1/2"]
[Round "02"]
[TimeControl "180+1"]
[Date "2022.08.23"]
[WhiteClock "0:00:38"]
[BlackClock "0:00:27"]

1. e4 c5 2. Nf3 d6 3. Bb5+ Bd7 4. Bxd7+ Qxd7 5. O-O Nf6 6. Re1 Nc6 7. b3 e5 8. Bb2 g6 9. c3 Bh6 10. d4 O-O 11. Na3 Rad8 12. dxe5 dxe5 13. Qe2 Nh5 14. g3 Qg4 15. Kh1 Rd7 16. Nc4 f6 17. a4 Rfd8 18. Ng1 Qxe2 19. Nxe2 Ng7 20. Kg2 Ne6 21. Ng1 g5 22. h3 Bf8 23. Nf3 h5 24. Ne3 Rd3 25. Rad1 g4 26. hxg4 hxg4 27. Nh2 Rd2 28. Bc1 Ra2 29. Rxd8 Nexd8 30. Nhxg4 Kf7 31. Kf3 Na5 32. b4 cxb4 33. cxb4 Bxb4 34. Rd1 Nac6 35. Nf5 Rxa4 36. Rd7+ Ke6 37. Rh7 Be7 38. Ng7+ Kd7 39. Nh5 Kc8 40. Nhxf6 Rc4 41. Be3 Ne6 42. Nd5 Bg5 43. Rh8+ Kd7 44. Rh7+ Kc8 45. Rh8+ Kd7 46. Rh7+ Kc8 1/2-1/2


[Site "https://www.chess.com"]

[Event "Titled Tuesday Blitz August 23 Early 2022"]
[White "Gholami Orimi, Mahdi"]
[Black "Lewtak, Damian"]
[WhiteFideId "12558486"]
[BlackFideId "1141724"]
[WhiteElo "2354"]
[BlackElo "2329"]
[Result "1-0"]
[Round "02"]
[TimeControl "180+1"]
[Date "2022.08.23"]
[WhiteClock "0:00:18"]
[BlackClock "0:00:06"]

1. d4 b5 2. e4 a6 3. Bd3 Bb7 4. Nf3 e6 5. O-O g6 6. a4 b4 7. c3 bxc3 8. bxc3 Bg7 9. Qb3 Bc8 10. Nbd2 Ne7 11. Ba3 d6 12. e5 O-O 13. Ne4 Nf5 14. Rad1 Re8 15. h3 d5 16. Nf6+ Bxf6 17. exf6 Qxf6 18. Ne5 Nd6 19. Bc1 Nd7 20. Rde1 Rb8 21. Qc2 Qh4 22. f4 Nxe5 23. fxe5 Nf5 24. Qe2 a5 25. Rf4 Qe7 26. Qf2 Bd7 27. g4 Ng7 28. Rf1 Rf8 29. Qa2 Qh4 30. Kg2 h5 31. Ba3 hxg4 32. hxg4 Qg5 33. Bxf8 Rxf8 34. Kh1 Rb8 35. Rxf7 Qxg4 36. Qg2 Qxg2+ 37. Kxg2 Rd8 38. Bxg6 Nf5 39. R7xf5 exf5 40. Bxf5 Bxa4 41. Ra1 Bd7 42. Bxd7 Rxd7 43. Rxa5 Kf7 44. Kf3 Ke7 45. Kf4 Rd8 46. Rc5 Rd7 47. Kf5 Ke8 48. Ke6 Rh7 49. Kxd5 Kd7 50. Ra5 Rh3 51. c4 Rh4 52. Ra7 Kd8 53. e6 Rg4 54. Kc5 Rg6 55. d5 Rg5 56. Kc6 Rg4 57. c5 Ke7 58. Rxc7+ Kf6 59. Rf7+ Ke5 60. e7 Ra4 61. d6 Ke4 62. e8=Q+ Kd3 63. Rf3+ Kd2 64. Qe3+ Kc2 65. Rf2+ 1-0


[Site "https://www.chess.com"]

[Event "Titled Tuesday Blitz August 23 Early 2022"]
[White "Grandelius, Nils"]
[Black "Harshad S"]
[WhiteFideId "1710400"]
[BlackFideId "46616551"]
[WhiteElo "2617"]
[BlackElo "2046"]
[Result "1-0"]
[Round "02"]
[TimeControl "180+1"]
[Date "2022.08.23"]
[WhiteClock "0:00:28"]
[BlackClock "0:00:04"]

1. Nf3 Nf6 2. c4 e6 3. Nc3 d5 4. e3 Be7 5. b3 O-O 6. Bb2 c5 7. cxd5 exd5 8. d4 Nc6 9. Be2 Bg4 10. dxc5 Bxc5 11. O-O Re8 12. Rc1 Bf8 13. Nd4 Bxe2 14. Ncxe2 Rc8 15. Nxc6 bxc6 16. Nf4 Ne4 17. Qd4 Qb6 18. Rfd1 Qxd4 19. Bxd4 a5 20. Rc2 Bd6 21. Nd3 c5 22. Rdc1 Rc7 23. f3 cxd4 24. Rxc7 Bxc7 25. Rxc7 Nc3 26. exd4 Ne2+ 27. Kf1 Nxd4 28. Rc5 Nf5 29. Rxa5 Ne3+ 30. Kg1 g6 31. a4 d4 32. Re5 Rb8 33. b4 Nc2 34. b5 Rc8 35. Rc5 Rxc5 36. Nxc5 Nb4 37. a5 Kf8 38. a6 Nd5 39. a7 Nb6 40. Nd7+ 1-0


[Site "https://www.chess.com"]

[Event "Titled Tuesday Blitz August 23 Early 2022"]
[White "Hambleton, Aman"]
[Black "Aggelis, Nikolaos"]
[WhiteFideId "2606577"]
[BlackFideId "4213220"]
[WhiteElo "2538"]
[BlackElo "2154"]
[Result "1-0"]
[Round "02"]
[TimeControl "180+1"]
[Date "2022.08.23"]
[WhiteClock "0:01:32"]
[BlackClock "0:02:46"]

1. d4 Nf6 2. c4 g6 3. Nc3 d5 4. cxd5 Nxd5 5. Bd2 Bg7 6. e4 Nxc3 7. Bxc3 c5 8. d5 Bxc3+ 9. bxc3 e6 10. Nf3 exd5 11. exd5 Bg4 12. Qa4+ 1-0


[Site "https://www.chess.com"]

[Event "Titled Tuesday Blitz August 23 Early 2022"]
[White "Ibrahimli, Murad"]
[Black "Palchuk, Andrii"]
[WhiteFideId "13410229"]
[BlackFideId "14176688"]
[WhiteElo "2109"]
[BlackElo "2338"]
[Result "1/2-1/2"]
[Round "02"]
[TimeControl "180+1"]
[Date "2022.08.23"]
[WhiteClock "0:01:40"]
[BlackClock "0:00:22"]

1. d4 Nf6 2. c4 e6 3. Nf3 d5 4. Nc3 c6 5. Bg5 h6 6. Bxf6 Qxf6 7. e3 Nd7 8. Bd3 g6 9. O-O Bg7 10. e4 dxc4 11. e5 Qe7 12. Bxc4 O-O 13. Re1 b5 14. Bd3 a6 15. Be4 Bb7 16. Rc1 Rab8 17. h4 Rfd8 18. Qe2 Nb6 19. a3 Rbc8 20. g3 c5 21. Bxb7 Qxb7 22. dxc5 Rxc5 23. Ne4 Rxc1 24. Rxc1 Nc4 25. Nf6+ Bxf6 26. exf6 Qd5 27. b3 Nxa3 28. Qe3 Qf5 29. Qxh6 Qxf6 30. Ng5 Qg7 31. Qxg7+ Kxg7 32. Rc7 Kg8 33. Rxf7 Rd6 34. Rf6 Kg7 35. Rf7+ Kg8 36. Re7 Kf8 37. Rf7+ Kg8 1/2-1/2


[Site "https://www.chess.com"]

[Event "Titled Tuesday Blitz August 23 Early 2022"]
[White "Jakubowski, Krzysztof"]
[Black "Maksimovic, Bojan"]
[WhiteFideId "1112848"]
[BlackFideId "14408120"]
[WhiteElo "2306"]
[BlackElo "2447"]
[Result "0-1"]
[Round "02"]
[TimeControl "180+1"]
[Date "2022.08.23"]
[WhiteClock "0:01:22"]
[BlackClock "0:01:22"]

1. e4 e5 2. Nf3 Nc6 3. Bc4 Nf6 4. Ng5 Bc5 5. Bxf7+ Ke7 6. Bc4 Rf8 7. O-O h6 8. Nf3 d6 9. Nh4 Ng4 10. d4 Bxd4 11. Nf5+ Bxf5 12. exf5 Nxf2 13. Qh5 Qd7 14. Be6 Qxe6 15. Bg5+ hxg5 0-1


[Site "https://www.chess.com"]

[Event "Titled Tuesday Blitz August 23 Early 2022"]
[White "Janaszak, Dawid"]
[Black "Alekseenko, Kirill"]
[WhiteFideId "1119206"]
[BlackFideId "4135539"]
[WhiteElo "2165"]
[BlackElo "2682"]
[Result "0-1"]
[Round "02"]
[TimeControl "180+1"]
[Date "2022.08.23"]
[WhiteClock "0:00:01"]
[BlackClock "0:00:10"]

1. e4 e5 2. Nf3 Nc6 3. d4 exd4 4. Nxd4 Qf6 5. Nf3 Bb4+ 6. c3 Bc5 7. Bd3 d6 8. O-O h6 9. a4 a5 10. Na3 Nge7 11. Nb5 O-O 12. Nxc7 Rb8 13. h3 Be6 14. Qe2 Ng6 15. Nd5 Bxd5 16. exd5 Rbe8 17. Qc2 Nce5 18. Nxe5 Rxe5 19. Bxg6 fxg6 20. Be3 Rxd5 21. Qb3 Qf7 22. Bxc5 dxc5 23. Rad1 Rxd1 24. Qxf7+ Kxf7 25. Rxd1 Ke6 26. Kf1 Rf4 27. b3 g5 28. c4 Rd4 29. Re1+ Kd7 30. Re5 Kd6 31. Re3 Rd1+ 32. Ke2 Rb1 33. Kf3 Rb2 34. Kg3 h5 35. f3 b6 36. Rd3+ Ke6 37. Re3+ Kf5 38. Rd3 h4+ 39. Kh2 Ke5 40. Rd5+ Kf4 41. Rd3 Rb1 42. Rd7 Rxb3 43. Rxg7 Rb4 44. Rf7+ Ke5 45. Rb7 Rxa4 46. Rxb6 Rxc4 47. Rb5 a4 48. Ra5 Kf4 49. Ra8 Rb4 50. Rc8 a3 51. Rxc5 Ra4 0-1


[Site "https://www.chess.com"]

[Event "Titled Tuesday Blitz August 23 Early 2022"]
[White "Jones, Gawain C B"]
[Black "Hnydiuk, Aleksander"]
[WhiteFideId "409561"]
[BlackFideId "1109057"]
[WhiteElo "2657"]
[BlackElo "2374"]
[Result "1-0"]
[Round "02"]
[TimeControl "180+1"]
[Date "2022.08.23"]
[WhiteClock "0:00:17"]
[BlackClock "0:00:24"]

1. e4 Nf6 2. e5 Nd5 3. d4 d6 4. Nf3 dxe5 5. Nxe5 c6 6. Be2 Nd7 7. Nf3 N7f6 8. O-O Bf5 9. c4 Nb6 10. Nc3 e6 11. Nh4 Bg6 12. Re1 Be7 13. Be3 Qc7 14. a4 Rd8 15. a5 Nc8 16. a6 b6 17. Bf3 Nd6 18. Qa4 O-O 19. Nxg6 hxg6 20. Bxc6 Rc8 21. d5 e5 22. c5 bxc5 23. Bxc5 Qb8 24. Rxe5 Nde4 25. Bxe7 Qxe5 26. Bxf8 Rxf8 27. Nxe4 Nxe4 28. Re1 f5 29. f3 Qxb2 30. fxe4 fxe4 31. Qa1 Qf2+ 32. Kh1 e3 33. d6 e2 34. Bb5 Qc5 35. Bxe2 Qxd6 36. Bc4+ Kh8 37. Re3 1-0


[Site "https://www.chess.com"]

[Event "Titled Tuesday Blitz August 23 Early 2022"]
[White "Kalashian, David"]
[Black "Deac, Bogdan-Daniel"]
[WhiteFideId "13302418"]
[BlackFideId "1226380"]
[WhiteElo "2490"]
[BlackElo "2648"]
[Result "0-1"]
[Round "02"]
[TimeControl "180+1"]
[Date "2022.08.23"]
[WhiteClock "0:00:08"]
[BlackClock "0:00:27"]

1. d4 Nf6 2. c4 e6 3. Nf3 b6 4. g3 c6 5. Bg2 d5 6. O-O Bb7 7. Nc3 Nbd7 8. Bf4 dxc4 9. Nd2 Nd5 10. Nxc4 Nxf4 11. gxf4 Be7 12. Rc1 O-O 13. e3 Rc8 14. Re1 Nf6 15. Ne5 a6 16. Na4 Nd5 17. Qb3 c5 18. Nxc5 bxc5 19. Qxb7 Rc7 20. Qxa6 cxd4 21. Nc6 Qd7 22. Nxe7+ Qxe7 23. Bxd5 exd5 24. exd4 Rxc1 25. Rxc1 Qd7 26. Qe2 h6 27. Qf3 Rb8 28. b3 Qa7 29. Qxd5 Qxa2 30. Rc7 Qb1+ 31. Kg2 Qg6+ 32. Kf3 Re8 0-1


[Site "https://www.chess.com"]

[Event "Titled Tuesday Blitz August 23 Early 2022"]
[White "Kamsky, Gata"]
[Black "Sourath Biswas"]
[WhiteFideId "2000024"]
[BlackFideId "35091484"]
[WhiteElo "2666"]
[BlackElo "1777"]
[Result "1-0"]
[Round "02"]
[TimeControl "180+1"]
[Date "2022.08.23"]
[WhiteClock "0:00:03"]
[BlackClock "0:00:02"]

1. d4 Nf6 2. Nf3 g6 3. Bg5 Bg7 4. c3 O-O 5. Nbd2 c5 6. e3 b6 7. Bd3 Bb7 8. O-O h6 9. Bh4 d6 10. a4 a6 11. Re1 Nbd7 12. e4 cxd4 13. cxd4 Nh5 14. Nb3 Nf4 15. Bf1 Rc8 16. h3 Nf6 17. Nfd2 d5 18. e5 Ne4 19. Bg3 Nxg3 20. fxg3 Ne6 21. Nf3 f6 22. exf6 Rxf6 23. Qd2 Qd6 24. Ne5 Ng5 25. Qe3 Ne4 26. a5 Rf5 27. axb6 Qxb6 28. g4 Rff8 29. Na5 Bxe5 30. dxe5 d4 31. Qb3+ Qxb3 32. Nxb3 Ng3 33. Bd3 Bd5 34. Nxd4 Rcd8 35. Re3 Bxg2 36. Ne6 Rxd3 37. Rxd3 1-0


[Site "https://www.chess.com"]

[Event "Titled Tuesday Blitz August 23 Early 2022"]
[White "Korchmar, Vasiliy"]
[Black "Molina, Roberto Junio Brito"]
[WhiteFideId "24131750"]
[BlackFideId "2109450"]
[WhiteElo "2370"]
[BlackElo "2403"]
[Result "1-0"]
[Round "02"]
[TimeControl "180+1"]
[Date "2022.08.23"]
[WhiteClock "0:00:15"]
[BlackClock "0:00:10"]

1. e4 c6 2. d4 d5 3. e5 Bf5 4. c4 e6 5. Nc3 Ne7 6. a3 dxc4 7. Bxc4 Nd7 8. Nge2 Nb6 9. Ba2 Ned5 10. Ng3 Bg6 11. O-O Be7 12. f4 Qd7 13. Nce4 O-O-O 14. Qf3 f5 15. Nc5 Bxc5 16. dxc5 Na8 17. b4 Nac7 18. Bb2 h6 19. Rad1 Bf7 20. Ne2 g5 21. Bxd5 Nxd5 22. Nc3 Qe7 23. Nxd5 Rxd5 24. Rxd5 cxd5 25. Bd4 Qd7 26. Qd3 Be8 27. c6 Qxc6 28. Bxa7 Qa4 29. Qd4 Bc6 30. Qc5 Rd8 31. Rc1 Kd7 32. Qd6+ Kc8 33. Qxe6+ Rd7 34. Qe8+ Kc7 35. Qb8# 1-0


[Site "https://www.chess.com"]

[Event "Titled Tuesday Blitz August 23 Early 2022"]
[White "Ladopoulos, Dimitrios"]
[Black "Moroni, Luca Jr"]
[WhiteFideId "4239580"]
[BlackFideId "865834"]
[WhiteElo "2195"]
[BlackElo "2573"]
[Result "0-1"]
[Round "02"]
[TimeControl "180+1"]
[Date "2022.08.23"]
[WhiteClock "0:00:22"]
[BlackClock "0:00:53"]

1. Nf3 d5 2. d4 e6 3. c4 a6 4. cxd5 exd5 5. Bf4 Nf6 6. e3 Bd6 7. Bxd6 Qxd6 8. Nc3 Bg4 9. Bd3 O-O 10. Qc2 Bxf3 11. gxf3 c5 12. dxc5 Qxc5 13. Ne2 Qd6 14. O-O Nc6 15. Rac1 Rac8 16. Qd2 Rfe8 17. a3 Rcd8 18. Rfd1 Qe5 19. f4 Qe6 20. Ng3 g6 21. f5 Qe5 22. Qe2 d4 23. fxg6 hxg6 24. exd4 Qxd4 25. Qc2 Qg4 26. Be2 Qf4 27. Bc4 Ne5 28. Be2 Nc6 29. Bc4 Kg7 30. Rxd8 Rxd8 31. Qb3 Qxc1+ 0-1


[Site "https://www.chess.com"]

[Event "Titled Tuesday Blitz August 23 Early 2022"]
[White "Le, Tuan Minh"]
[Black "Piesik, Piotr"]
[WhiteFideId "12401153"]
[BlackFideId "1136194"]
[WhiteElo "2530"]
[BlackElo "2221"]
[Result "1-0"]
[Round "02"]
[TimeControl "180+1"]
[Date "2022.08.23"]
[WhiteClock "0:00:48"]
[BlackClock "0:00:26"]

1. d4 c5 2. c3 Nf6 3. Nf3 cxd4 4. cxd4 d5 5. Nc3 Nc6 6. Bf4 a6 7. Rc1 e6 8. e3 Qb6 9. Qc2 Bd7 10. a3 Rc8 11. Bd3 Na5 12. Ne5 Qb3 13. Qd2 Nc4 14. Bxc4 dxc4 15. O-O Be7 16. e4 O-O 17. Bg5 Rfd8 18. Rfd1 Be8 19. Qe2 b5 20. Nf3 h6 21. Bh4 b4 22. axb4 Qxb4 23. h3 Rb8 24. Rd2 a5 25. d5 exd5 26. exd5 Bb5 27. Nd4 Bd7 28. Rcd1 Re8 29. Qf3 Qd6 30. Bg3 Qb6 31. Bxb8 Rxb8 32. Nc6 Bxc6 33. dxc6 Bc5 34. Na4 Qb5 35. c7 1-0


[Site "https://www.chess.com"]

[Event "Titled Tuesday Blitz August 23 Early 2022"]
[White "Lenderman, Aleksandr"]
[Black "Jia, Haoxiang"]
[WhiteFideId "2021285"]
[BlackFideId "8602999"]
[WhiteElo "2607"]
[BlackElo "2625"]
[Result "1-0"]
[Round "02"]
[TimeControl "180+1"]
[Date "2022.08.23"]
[WhiteClock "0:01:32"]
[BlackClock "0:01:54"]

1. e4 c5 2. d4 cxd4 3. c3 dxc3 4. Nxc3 Nc6 5. Nf3 d6 6. Bc4 a6 7. e5 Bg4 8. Qb3 e6 9. Qxb7 Na5 10. Qb4 Bxf3 11. gxf3 Nxc4 12. Qxc4 Rc8 13. Qxa6 dxe5 14. Bg5 Be7 15. Rd1 Qc7 16. Bxe7 Nxe7 17. Nb5 Qc6 18. Nd6+ Kf8 19. Nxc8 1-0


[Site "https://www.chess.com"]

[Event "Titled Tuesday Blitz August 23 Early 2022"]
[White "Levitskiy, Andrey"]
[Black "Chigaev, Maksim"]
[WhiteFideId "14132885"]
[BlackFideId "4108116"]
[WhiteElo "2293"]
[BlackElo "2487"]
[Result "0-1"]
[Round "02"]
[TimeControl "180+1"]
[Date "2022.08.23"]
[WhiteClock "0:00:27"]
[BlackClock "0:01:48"]

1. e4 c5 2. Nf3 d6 3. d4 cxd4 4. Nxd4 Nf6 5. Nc3 a6 6. h3 e6 7. g4 h6 8. Bg2 Be7 9. Be3 Nc6 10. f4 Nd7 11. O-O Nxd4 12. Bxd4 e5 13. Be3 exf4 14. Bxf4 Ne5 15. Nd5 Be6 16. b3 O-O 17. Be3 Bxd5 18. Qxd5 b5 19. Rad1 Rc8 20. Rf2 Bg5 21. Bd4 Nc6 22. Kh1 Nxd4 23. Qxd4 Qe7 24. Qxd6 Rfd8 0-1


[Site "https://www.chess.com"]

[Event "Titled Tuesday Blitz August 23 Early 2022"]
[White "Machidon, Cristi"]
[Black "Drygalov, Sergey"]
[WhiteFideId "13904590"]
[BlackFideId "24171743"]
[WhiteElo "2312"]
[BlackElo "2523"]
[Result "1-0"]
[Round "02"]
[TimeControl "180+1"]
[Date "2022.08.23"]
[WhiteClock "0:00:14"]
[BlackClock "0:00:10"]

1. d4 Nf6 2. c4 e6 3. Nc3 Bb4 4. Bd2 O-O 5. e3 c5 6. Nf3 cxd4 7. exd4 d5 8. Rc1 b6 9. cxd5 Bxc3 10. bxc3 exd5 11. Ne5 Ne4 12. Be3 Nd7 13. Bd3 Qe7 14. Nxd7 Bxd7 15. O-O b5 16. Qb3 Qd6 17. Rfd1 Rfe8 18. f3 Ng3 19. Bf2 Ne2+ 20. Bxe2 Rxe2 21. Re1 Rae8 22. Rxe2 Rxe2 23. Re1 Rxe1+ 24. Bxe1 a5 25. Bg3 Qe6 26. Qa3 h5 27. h3 a4 28. Qd6 Qe3+ 29. Kh2 Qe8 30. a3 Be6 31. Qb8 Qxb8 32. Bxb8 f6 33. g4 Kf7 34. Kg3 Kg6 35. f4 Bd7 36. f5+ Kf7 37. Kf4 g5+ 38. Kf3 Ke7 39. Bg3 Be8 40. Bc7 Kd7 41. Ba5 Kc6 42. Bd8 hxg4+ 43. hxg4 b4 44. cxb4 Kb5 45. Bxf6 Kc4 46. Bxg5 Kb3 47. Be7 Kxa3 48. b5+ Kb2 49. b6 Bc6 50. f6 a3 51. Bxa3+ Kxa3 52. f7 Kb3 53. f8=Q Kc3 54. Qc5+ Kd3 55. Qxc6 Kd2 56. b7 Kd3 57. b8=Q Kd2 58. Qb4+ Kd3 59. Qcc3# 1-0


[Site "https://www.chess.com"]

[Event "Titled Tuesday Blitz August 23 Early 2022"]
[White "Mekhitarian, Krikor Sevag"]
[Black "Hardaway, Brewington"]
[WhiteFideId "2107660"]
[BlackFideId "30941849"]
[WhiteElo "2603"]
[BlackElo "1813"]
[Result "1/2-1/2"]
[Round "02"]
[TimeControl "180+1"]
[Date "2022.08.23"]
[WhiteClock "0:00:05"]
[BlackClock "0:00:10"]

1. e4 c5 2. Nf3 e6 3. d4 cxd4 4. Nxd4 a6 5. Bd3 Qc7 6. O-O Nf6 7. Qe2 Bc5 8. Nb3 Ba7 9. Be3 Nc6 10. Nc3 O-O 11. Kh1 b5 12. f4 Nb4 13. Bxa7 Rxa7 14. a3 Nxd3 15. cxd3 d6 16. Rac1 Qe7 17. Na5 Rc7 18. Qe3 Rc5 19. b4 Rh5 20. h3 Rh6 21. Ne2 e5 22. f5 d5 23. Qf3 Bb7 24. Ng3 Ba8 25. Rfe1 Rh4 26. Rc5 Rf4 27. Qe3 dxe4 28. Kh2 Rh4 29. Kg1 Qd7 30. dxe4 Nxe4 31. Rxe5 Nxg3 32. Qxg3 Rh6 33. Kh2 Rf6 34. Qf4 h6 35. R1e2 Qd3 36. R5e3 Qd5 37. Qe5 Rxf5 38. Qxd5 Bxd5 39. Re5 Rxe5 40. Rxe5 Be6 41. Nc6 Re8 42. Nd4 Bd7 43. Rd5 Re7 44. Rd6 g6 45. Rxa6 Kg7 46. Rd6 Be8 47. Rd5 Ra7 48. Nxb5 Bxb5 49. Rxb5 Rxa3 50. Rd5 Rb3 51. Rd4 f5 52. h4 Kf6 53. Rd6+ Kf7 54. Rb6 g5 55. h5 Kg7 56. Rg6+ Kh7 57. Rb6 Kg7 58. g3 f4 59. gxf4 gxf4 60. Kg2 Kh7 61. Kf2 Kg7 62. b5 Kg8 63. Rb7 Kh8 64. b6 Kg8 65. Ke2 Kh8 66. Kd2 Kg8 67. Ke2 Kh8 68. Kf2 Kg8 69. Ke1 Kh8 70. Kd1 f3 71. Ke1 Kg8 72. Kf2 Kh8 73. Kg3 Kg8 74. Kf2 Kh8 75. Kf1 Kg8 76. Kf2 1/2-1/2


[Site "https://www.chess.com"]

[Event "Titled Tuesday Blitz August 23 Early 2022"]
[White "Nakamura, Hikaru"]
[Black "Borgaonkar Akshay"]
[WhiteFideId "2016192"]
[BlackFideId "25639110"]
[WhiteElo "2850"]
[BlackElo "1755"]
[Result "1-0"]
[Round "02"]
[TimeControl "180+1"]
[Date "2022.08.23"]
[WhiteClock "0:00:49"]
[BlackClock "0:00:06"]

1. g3 Nf6 2. Bg2 g6 3. d3 Bg7 4. Bd2 O-O 5. Qc1 d5 6. Bh6 e5 7. Nc3 d4 8. Ne4 Nxe4 9. Bxe4 f5 10. Bg2 Qe7 11. Bxg7 Kxg7 12. c3 c5 13. cxd4 cxd4 14. Nf3 Nc6 15. O-O Be6 16. e3 Bd5 17. Re1 Qd6 18. Qd2 Rad8 19. Rac1 dxe3 20. Qxe3 f4 21. gxf4 Rxf4 22. Rxc6 bxc6 23. Nxe5 Rff8 24. Qxa7+ Kg8 25. Qe3 Bxg2 26. Kxg2 Qd5+ 27. Qe4 Qxe4+ 28. Rxe4 Rfe8 29. Re3 Rd5 30. f4 g5 31. Kg3 gxf4+ 32. Kxf4 Rf8+ 33. Ke4 Re8 34. d4 h6 35. b4 Rb5 36. a3 Kh7 37. Rc3 Rb6 38. Kd3 Rb7 39. Nxc6 Rg7 40. Rc2 Ra8 41. Ra2 Rg1 42. b5 Rb1 43. a4 Rxb5 44. axb5 Rxa2 45. d5 Rb2 46. Kc4 Rc2+ 47. Kb4 Rd2 48. b6 Rxd5 49. b7 Rd2 50. Kb5 Rb2+ 51. Nb4 Rxh2 52. b8=Q Rh5+ 53. Kc6 Rg5 54. Nd5 Rg6+ 55. Kc5 h5 56. Qf4 Rg4 57. Nf6+ Kh8 58. Nxg4 h4 59. Nh2 h3 60. Qg5 Kh7 61. Kd5 Kh8 62. Ke6 Kh7 63. Kf6 Kh8 64. Qg7# 1-0


[Site "https://www.chess.com"]

[Event "Titled Tuesday Blitz August 23 Early 2022"]
[White "Puranik, Abhimanyu"]
[Black "Solon, Nathan"]
[WhiteFideId "5061245"]
[BlackFideId "2017229"]
[WhiteElo "2520"]
[BlackElo "2636"]
[Result "1/2-1/2"]
[Round "02"]
[TimeControl "180+1"]
[Date "2022.08.23"]
[WhiteClock "0:00:22"]
[BlackClock "0:00:46"]

1. c4 e6 2. Nf3 d5 3. e3 Nf6 4. b3 Nbd7 5. Bb2 Bd6 6. Be2 O-O 7. Nc3 a6 8. O-O b6 9. cxd5 exd5 10. Nd4 Nc5 11. Qc2 g6 12. Rac1 Re8 13. h3 Bb7 14. f4 Nce4 15. Nxe4 Nxe4 16. Bf3 c5 17. Ne2 Qh4 18. d3 Ng3 19. Nxg3 Qxg3 20. Qf2 Qxf2+ 21. Kxf2 Re7 22. Rfe1 Rae8 23. d4 f6 24. dxc5 Bxc5 25. Bd4 Bxd4 26. exd4 Rxe1 27. Rxe1 Rxe1 28. Kxe1 Kf7 29. g4 g5 30. f5 Ke7 31. Kd2 Kd6 32. Kc3 a5 33. b4 Ba6 34. Bg2 Bc4 35. a3 h6 36. Kb2 Kc6 37. Kc3 Kb5 38. bxa5 Kxa5 39. Kb2 Ka4 40. Bf3 Ka5 41. Kc3 Ka4 42. Kb2 Ka5 43. Kc3 Ka4 44. Kb2 1/2-1/2


[Site "https://www.chess.com"]